 Dungeon Crawl Stone Soup version 0.25-a0-110-ge29c8f2358 (webtiles) character file.

Game seed: 12607390879232208315, levelgen mode: deterministic

94 MisterFreud the Chiller (level 4, 0/32 HPs)
             Began as a Gnoll Ice Elementalist on Nov 19, 2019.
             Slain by a phantom (6 damage)
             ... on level 3 of the Dungeon.
             The game lasted 00:05:02 (2544 turns).

MisterFreud the Chiller (Gnoll Ice Elementalist)    Turns: 2544, Time: 00:05:03

Health: 0/32       AC:  9    Str: 10    XL:     4   Next: 63%
Magic:  5/11       EV: 15    Int: 23    God:
Gold:   132        SH:  0    Dex: 16    Spells: 9/13 levels left

rFire    . . .     SeeInvis .   e - +0 short sword
rCold    . . .     Gourm    .   (no shield)
rNeg     . . .     Faith    .   a - +0 robe
rPois    .         Spirit   .   (no helmet)
rElec    .         Reflect  .   (no cloak)
rCorr    .         Harm     .   (no gloves)
MR       .....                  (no boots)
Stlth    +++.......             (no amulet)
HPRegen  0.10/turn              (no ring)
MPRegen  0.12/turn              (no ring)

@: brilliant, icy armour
A: distributed training, fangs 1, strong nose
a: no special abilities


You were on level 3 of the Dungeon.
You were not hungry.

You visited 1 branch of the dungeon, and saw 3 of its levels.

You collected 132 gold pieces.

Inventory:

Hand Weapons
 e - a +0 short sword (weapon)
 l - a +0 hunting sling
Missiles
 b - 71 stones (quivered)
Armour
 a - a +0 robe (worn)
Jewellery
 g - a +3 amulet of reflection {unknown}
Scrolls
 d - a scroll of remove curse
 h - a scroll of blinking {unknown}
 i - a scroll of immolation {unknown}
 m - a scroll of enchant weapon {unknown}
Potions
 f - a potion of brilliance
 j - a potion of flight {unknown}
Comestibles
 c - 2 rations
 k - 5 chunks of flesh


   Skills:
 + Level 1.2 Fighting
 + Level 1.2 Short Blades
 + Level 1.2 Long Blades
 + Level 1.2 Axes
 + Level 1.2 Maces & Flails
 + Level 1.2 Polearms
 + Level 1.2 Staves
 + Level 1.2 Slings
 + Level 1.2 Bows
 + Level 1.2 Crossbows
 + Level 1.2 Throwing
 + Level 1.2 Armour
 + Level 4.6 Dodging
 + Level 4.3 Stealth
 + Level 1.2 Shields
 + Level 1.2 Unarmed Combat
 + Level 5.1 Spellcasting
 + Level 2.2 Conjurations
 + Level 1.0 Hexes
 + Level 1.0 Charms
 + Level 1.0 Summonings
 + Level 1.0 Necromancy
 + Level 1.0 Translocations
 + Level 1.0 Transmutations
 + Level 1.0 Fire Magic
 + Level 5.5 Ice Magic
 + Level 1.0 Air Magic
 + Level 1.0 Earth Magic
 + Level 1.0 Poison Magic
 + Level 1.3 Invocations
 + Level 1.2 Evocations


You had 9 spell levels left.
You knew the following spells:

 Your Spells              Type           Power        Failure   Level  Hunger
a - Freeze                Ice            ####         1%          1    None
b - Ozocubu's Armour      Chrm/Ice       ####....     1%          3    ##.....

Your spell library contained the following spells:

 Spells                   Type           Power        Failure   Level  Hunger
 Throw Frost              Conj/Ice       #####.       1%          2    None
 Throw Icicle             Conj/Ice       #####...     2%          4    ####...
 Summon Ice Beast         Ice/Summ       ####....     3%          4    ####...


Dungeon Overview and Level Annotations

Branches:
Dungeon (3/15)

Altars:
Xom


Innate Abilities, Weirdness & Mutations

Your experience applies equally to all skills.
You have very sharp teeth.
Your uncanny sense of smell can sniff out nearby items.


Message History

Okay, then.
Throwing (i - inventory)
b - 72 stones (quivered)
Press: ? - help, Shift-Dir - straight line, f - phantom
Aim: a phantom (severely damaged)
You throw a stone. The stone barely misses the phantom.
The phantom blinks!
Your icy armour cracks and falls away as you move.
The phantom blinks!
Casting: Ozocubu's Armour (safe; 1% risk of failure)
Confirm with . or Enter, or press ? or * to list all spells.
A film of ice covers your body!
You barely miss the phantom.
The phantom is severely damaged.
The phantom barely misses you.
You hit the phantom but do no damage.
The phantom is severely damaged.
The phantom closely misses you.
You hit the phantom.
The phantom is severely damaged.
The phantom hits you.
You die...

#################
.......@W.......#
######..#######.#
######..# #####.#
........# #...§.#
######..###.###W###
#..?.$......÷.....##
..##...#..#..#..#..#
#.#..#.÷#..#..#.#
#..#..#..#..#...#


You could see a phantom.

Vanquished Creatures
  4 adders (D:2)
  2 worms
  3 dart slugs (D:1)
  2 leopard geckos
  2 giant cockroaches
  8 goblins
  6 hobgoblins
  2 jackals (D:2)
  2 kobolds
  2 ball pythons
  7 bats
  5 frilled lizards
  2 rats
47 creatures vanquished.

Notes
Turn   | Place    | Note
-------+----------+-------------------------------------------
     0 | D:1      | MisterFreud the Gnoll Ice Elementalist began the quest for
                  | the Orb.
     0 | D:1      | Reached XP level 1. HP: 13/13 MP: 6/6
   558 | D:1      | Reached XP level 2. HP: 16/19 MP: 4/7
  1064 | D:1      | Reached XP level 3. HP: 25/25 MP: 9/9
  1069 | D:1      | Learned a level 3 spell: Ozocubu's Armour
  1089 | D:1      | Reached skill level 5 in Spellcasting
  1402 | D:2      | Reached skill level 1 in Invocations
  1567 | D:2      | Reached skill level 1 in Fighting
  1567 | D:2      | Reached skill level 1 in Short Blades
  1567 | D:2      | Reached skill level 1 in Long Blades
  1567 | D:2      | Reached skill level 1 in Axes
  1567 | D:2      | Reached skill level 1 in Maces & Flails
  1567 | D:2      | Reached skill level 1 in Polearms
  1567 | D:2      | Reached skill level 1 in Staves
  1567 | D:2      | Reached skill level 1 in Slings
  1567 | D:2      | Reached skill level 1 in Bows
  1567 | D:2      | Reached skill level 1 in Crossbows
  1567 | D:2      | Reached skill level 1 in Throwing
  1567 | D:2      | Reached skill level 1 in Armour
  1567 | D:2      | Reached skill level 1 in Shields
  1567 | D:2      | Reached skill level 1 in Unarmed Combat
  1567 | D:2      | Reached skill level 1 in Evocations
  1671 | D:2      | Reached XP level 4. HP: 29/32 MP: 9/11
  2452 | D:3      | Found a shimmering altar of Xom.
  2475 | D:3      | Reached skill level 1 in Hexes
  2475 | D:3      | Reached skill level 1 in Charms
  2475 | D:3      | Reached skill level 1 in Summonings
  2475 | D:3      | Reached skill level 1 in Necromancy
  2475 | D:3      | Reached skill level 1 in Translocations
  2475 | D:3      | Reached skill level 1 in Transmutations
  2475 | D:3      | Reached skill level 1 in Fire Magic
  2475 | D:3      | Reached skill level 1 in Air Magic
  2475 | D:3      | Reached skill level 1 in Earth Magic
  2475 | D:3      | Reached skill level 1 in Poison Magic
  2494 | D:3      | Noticed a phantom
  2544 | D:3      | Slain by a phantom

Levels and vault maps discovered:
D:1:      dpeg_arrival_water_fire, layout_basic, item_on_display_a
D:2:      layout_basic
D:3:      layout_loops_ring, xom_teletrap_fun, overflow_temple_1_default,
          gammafunk_ghost_mausoleum, minmay_misc_feat_diagonals

Skill      XL: |  1  2  3  4 |
---------------+-------------+-----
Conjurations   | 2 |  2.2
Spellcasting   | 5 |  5.1
Invocations    | 1 |  1.3
Fighting       | 1 |  1.2
Short Blades   | 1 |  1.2
Long Blades    | 1 |  1.2
Axes           | 1 |  1.2
Maces & Flails | 1 |  1.2
Polearms       | 1 |  1.2
Staves         | 1 |  1.2
Slings         | 1 |  1.2
Bows           | 1 |  1.2
Crossbows      | 1 |  1.2
Throwing       | 1 |  1.2
Armour         | 1 |  1.2
Shields        | 1 |  1.2
Unarmed Combat | 1 |  1.2
Evocations     | 1 |  1.2
Hexes          | 1 |  1.0
Charms         | 1 |  1.0
Summonings     | 1 |  1.0
Necromancy     | 1 |  1.0
Translocations | 1 |  1.0
Transmutations | 1 |  1.0
Fire Magic     | 1 |  1.0
Air Magic      | 1 |  1.0
Earth Magic    | 1 |  1.0
Poison Magic   | 1 |  1.0
Dodging        | |  4.6
Stealth        | |  4.3
Ice Magic      | |  5.5

Action                   |  1- 3 |  4- 6 || total
-------------------------+-------+-------++-------
Melee: Unarmed           |     4 |       ||     4
       Bite              |     1 |     4 ||     5
       Dagger            |     9 |       ||     9
       Short sword       |    32 |    50 ||    82
Throw: Stone             |       |     1 ||     1
 Cast: Freeze            |    21 |    12 ||    33
       Ozocubu's Armour  |       |     3 ||     3
  Use: Scroll            |       |     1 ||     1
       Potion            |       |     1 ||     1
 Stab: Sleeping          |     7 |     3 ||    10
  Eat: Chunk             |     2 |     3 ||     5
Armor: Robe              |     4 |     6 ||    10
Dodge: Dodged            |    35 |    29 ||    64

Table legend:
 A = Non-vault XP
 B = Vault XP
 C = Vault XP percentage of total XP
 D = Non-vault monster count
 E = Vault monster count
 F = Vault count percentage of total count
                 A         B        C        D         E       F
            +---------+---------+-------+---------+---------+-------
      Total |     135 |       0 |   0.0 |      47 |       0 |   0.0
            +---------+---------+-------+---------+---------+-------
        D:1 |      40 |       0 |   0.0 |      18 |       0 |   0.0
        D:2 |      81 |       0 |   0.0 |      22 |       0 |   0.0
        D:3 |      14 |       0 |   0.0 |       7 |       0 |   0.0
            +---------+---------+-------+---------+---------+-------
